 Dungeon Crawl Stone Soup version 0.23.1 (webtiles) character file.

Game seed: 0

526712 dhn the Hoplite (level 24, -6/234 HPs)
             Began as a Minotaur Fighter on Mar 16, 2019.
             Mangled by a phantasmal warrior (24 damage)
             ... on level 2 of the Crypt.
             The game lasted 04:07:26 (86432 turns).

dhn the Hoplite (Minotaur Fighter)                 Turns: 86432, Time: 04:07:26

Health: -6/234     AC: 43    Str: 28    XL:     24   Next: 82%
Magic:  33/33      EV: 13    Int:  8    God:
Gold:   3119       SH: 21    Dex: 22    Spells: 13/34 levels left

rFire    . . .     SeeInvis .   q - +9 broad axe (chop)
rCold    . . .     Gourm    .   w - +2 shield {AC+3}
rNeg     . . .     Faith    .   Z - +15 Maxwell's patent armour {-Cast -Tele rElec MR+ rCorr}
rPois    .         Spirit   .   r - +2 hat
rElec    +         Reflect  .   R - +0 cloak "Kuan" {Str+4 Int-2 Dex+5}
rCorr    +         Harm     .   c - +0 pair of gloves
MR       +++..     NoTele   +   b - +0 pair of boots Stlth ..........NoCast +
                                V - amulet of rage
HPRegen  0.49/turn              Q - +3 ring of dexterity
MPRegen  0.23/turn              E - ring of protection from magic

@: flayed, slowed, drained, very slow
A: retaliatory headbutt, horns 2
}: 2/15 runes: serpentine, barnacled
a: Evoke Berserk Rage


You were on level 2 of the Crypt.
You were very hungry.

You visited 9 branches of the dungeon, and saw 45 of its levels.
You also visited: Gauntlet.

You collected 4470 gold pieces.
You spent 1351 gold pieces at shops.

Inventory:

Hand Weapons
 q - a +9 broad axe of chopping (weapon)
 v - the +7 war axe of the Yoke {drain, MP+9 Str+2 Int+2 Stlth+}
   (You acquired it on level 1 of the Lair of Beasts)

   A truly terrible weapon, it drains the life of those it strikes.
   It affects your strength (+2).
   It affects your intelligence (+2).
   It affects your magic capacity (+9).
   It makes you more stealthy.
 L - a +6 antimagic demon trident
Armour
 b - a +0 pair of boots (worn)
 c - a +0 pair of gloves (worn)
 r - a +2 hat (worn)
 w - a +2 shield of protection (worn)
 z - a +0 cloak
 M - a +2 shield of positive energy
 P - +3 storm dragon scales {Bai Suzhen}
 R - the +0 cloak "Kuan" (worn) {Str+4 Int-2 Dex+5}
   (You found it on level 2 of the Vaults)

   It affects your strength (+4).
   It affects your intelligence (-2).
   It affects your dexterity (+5).
 Z - the +15 Maxwell's patent armour (worn) {-Cast -Tele rElec MR+ rCorr}
   (You found it on level 4 of the Shoals)

   It insulates you from electricity.
   It affects your resistance to hostile enchantments.
   It prevents spellcasting.
   It prevents most forms of teleportation.
   It provides partial protection from all sources of acid and corrosion.
Jewellery
 u - a +5 amulet of reflection
 y - an uncursed amulet of magic regeneration
 E - a ring of protection from magic (right hand)
 G - an uncursed amulet of regeneration
 J - an uncursed ring of positive energy
 Q - a +3 ring of dexterity (left hand)
 V - an amulet of rage (around neck)
 W - an uncursed ring of fire
Wands
 o - a wand of iceblast (6)
 s - a wand of random effects (54)
 B - a wand of clouds (16)
 I - a wand of paralysis (19)
 X - a wand of acid (13)
 Y - a wand of digging (6)
Scrolls
 a - 5 scrolls of fear
 e - 20 scrolls of remove curse
 g - 5 scrolls of magic mapping
 h - 19 scrolls of teleportation
 i - 9 scrolls of blinking
 k - a scroll of acquirement
 p - 11 scrolls of identify
 A - a scroll of enchant weapon
 C - 3 scrolls of fog
 H - a scroll of brand weapon
 K - a scroll of silence
 U - 2 scrolls of amnesia
Potions
 d - 5 potions of might
 j - 4 potions of flight
 l - 4 potions of resistance
 m - 3 potions of heal wounds
 n - a potion of berserk rage
 t - 3 potions of curing
 x - 2 potions of cancellation
 D - 7 potions of haste
 F - a potion of brilliance
 O - a potion of magic
Miscellaneous
 N - a lamp of fire
 S - a fan of gales
 T - a lightning rod (4/4)
Comestibles
 f - 28 rations


   Skills:
 + Level 22.9(21.5) Fighting
 + Level 23.8(22.5) Axes
 + Level 2.2(15.3) Polearms
 + Level 19.1(17.8) Armour
 + Level 7.3(6.3) Dodging
 + Level 4.0(3.1) Stealth
 + Level 24.4(23.0) Shields
 + Level 5.7(4.7) Spellcasting
 + Level 6.4(5.5) Translocations
 * Level 14.9(13.7) Evocations


You had 13 spell levels left.
You knew the following spells:

 Your Spells              Type           Power        Failure   Level  Hunger
a - Apportation           Tloc           ##....       14%         1    #......
b - Blink                 Tloc           N/A          22%         2    ###....
c - Lesser Beckoning      Tloc           ##........   38%         3    ###....
d - Gell's Gravitas       Tloc           ##........   38%         3    ###....
e - Teleport Other        Tloc           ##......     38%         3    ###....
f - Shroud of Golubria    Chrm/Tloc      #.........   54%         2    ###....
g - Passage of Golubria   Tloc           N/A          80%         4    #####..
h - Portal Projectile     Hex/Tloc       #.....       78%         3    ###....

Your spell library contained the following spells:

 Spells                   Type           Power        Failure   Level  Hunger
 Animate Skeleton         Necr           N/A          80%         1    #......
 Beastly Appendage        Tmut           #.....       80%         1    #......
 Confusing Touch          Hex            #.....       80%         1    #......
 Corona                   Hex            #......      80%         1    #......
 Flame Tongue             Conj/Fire      #....        80%         1    #......
 Infusion                 Chrm           #...         80%         1    #......
 Magic Dart               Conj           #...         80%         1    #......
 Pain                     Necr           #...         80%         1    #......
 Sandblast                Erth           #.....       80%         1    #......
 Sting                    Conj/Pois      #...         80%         1    #......
 Summon Butterflies       Summ           #.......     80%         1    #......
 Summon Small Mammal      Summ           #...         80%         1    #......
 Call Imp                 Summ           #.......     90%         2    ###....
 Corpse Rot               Necr           N/A          90%         2    ###....
 Ensorcelled Hibernation  Hex/Ice        #.....       90%         2    ###....
 Passwall                 Tmut/Erth      #.......     90%         2    ###....
 Searing Ray              Conj           #.....       90%         2    ###....
 Slow                     Hex            #.......     90%         2    ###....
 Song of Slaying          Chrm           #.......     90%         2    ###....
 Sticks to Snakes         Tmut           #.......     90%         2    ###....
 Sublimation of Blood     Necr           #.........   90%         2    ###....
 Throw Flame              Conj/Fire      #.....       90%         2    ###....
 Call Canine Familiar     Summ           #.......     99%         3    ###....
 Confuse                  Hex            #.......     99%         3    ###....
 Conjure Flame            Conj/Fire      #.......     99%         3    ###....
 Dazzling Spray           Conj/Hex       #.....       99%         3    ###....
 Ignite Poison            Fire/Tmut/Pois #.......     99%         3    ###....
 Inner Flame              Hex/Fire       #.......     99%         3    ###....
 Ozocubu's Armour         Chrm/Ice       #.......     99%         3    ###....
 Regeneration             Chrm/Necr      #.........   99%         3    ###....
 Spider Form              Tmut/Pois      #.........   99%         3    ###....
 Static Discharge         Conj/Air       #.......     99%         3    ###....
 Stone Arrow              Conj/Erth      #.....       99%         3    ###....
 Summon Guardian Golem    Hex/Summ       #.......     99%         3    ###....
 Tukima's Dance           Hex            #.......     99%         3    ###....
 Vampiric Draining        Necr           #.........   99%         3    ###....
 Force Lance              Conj/Tloc      #.......     99%         4    #####..
 Animate Dead             Necr           N/A          100%        4    #####..
 Cause Fear               Hex            #.........   100%        4    #####..
 Fulminant Prism          Conj/Hex       #.........   100%        4    #####..
 Ice Form                 Ice/Tmut       #.......     100%        4    #####..
 Iskenderun's Mystic Bla  Conj           #.......     100%        4    #####..
 Leda's Liquefaction      Hex/Erth       #.........   100%        4    #####..
 Petrify                  Tmut/Erth      #.......     100%        4    #####..
 Sticky Flame             Conj/Fire      #.......     100%        4    #####..
 Summon Ice Beast         Ice/Summ       #.......     100%        4    #####..
 Summon Lightning Spire   Summ/Air       #.......     100%        4    #####..
 Alistair's Intoxication  Tmut/Pois      #.......     100%        5    ######.
 Blade Hands              Tmut           #.........   100%        5    ######.
 Bolt of Magma            Conj/Fire/Erth #.........   100%        5    ######.
 Borgnjor's Vile Clutch   Necr/Erth      #.........   100%        5    ######.
 Fireball                 Conj/Fire      #.........   100%        5    ######.
 Irradiate                Conj/Tmut      #.........   100%        5    ######.
 Lee's Rapid Deconstruct  Erth           #.........   100%        5    ######.
 Lightning Bolt           Conj/Air       #.........   100%        5    ######.
 Metabolic Englaciation   Hex/Ice        #.........   100%        5    ######.
 Silence                  Hex/Air        #.........   100%        5    ######.
 Summon Forest            Summ/Tloc      #.........   100%        5    ######.
 Yara's Violent Unravell  Hex/Tmut       #.........   100%        5    ######.
 Bolt of Fire             Conj/Fire      #.........   100%        6    #######
 Conjure Ball Lightning   Conj/Air       #.........   100%        6    #######
 Darkness                 Hex            #.........   100%        6    #######
 Deflect Missiles         Chrm/Air       #.........   100%        6    #######
 Dispersal                Tloc           ##........   100%        6    #######
 Hydra Form               Tmut           #.........   100%        6    #######
 Invisibility             Hex            #.......     100%        6    #######
 Shadow Creatures         Summ           N/A          100%        6    #######
 Dragon Form              Tmut           #.........   100%        7    #######
 Ring of Flames           Chrm/Fire      #.........   100%        7    #######
 Summon Hydra             Summ           #.........   100%        7    #######
 Controlled Blink         Tloc           N/A          100%        8    #######
 Discord                  Hex            #.........   100%        8    #######
 Disjunction              Tloc           ##........   100%        8    #######
 Ignition                 Fire           #.........   100%        8    #######
 Dragon's Call            Summ           #.........   100%        9    #######
 Shatter                  Erth           #.........   100%        9    #######
 Tornado                  Air            #.........   100%        9    #######


Dungeon Overview and Level Annotations

Branches:
Dungeon (15/15)            Temple (0/1) D:4            Lair (6/6) D:11
 Shoals (4/4) Lair:3        Snake (4/4) Lair:2        Slime (0/5) Lair:5
    Orc (2/2) D:10            Elf (3/3) Orc:2        Vaults (4/5) D:13
  Crypt (2/3) Vaults:2     Depths (5/5) D:15            Zot (0/5) Depths:5

Altars:
Fedhas
Okawaru
Trog
Uskayaw
Vehumet
Wu Jian
Yredelemnul
Jiyva

Shops:
D:6 *   D:7 ?   D:14 !   Orc:2 **?[[:*[   Elf:2 ?   Vaults:3 *   Vaults:4 [
Depths:2 *

Portals:
Hell: Depths:1 Depths:3 Depths:4 Depths:5
Abyss: Depths:1 Depths:2 Depths:3 Depths:4
Pandemonium: Depths:3 Depths:4
Ziggurat: Depths:2
Trove: Depths:1 (lose all piety)

Annotations:
D:2 1 runed translucent door, Crazy Yiuf
D:4 1 runed translucent door, grocchini's ghost, novice FoAK
D:7 3 runed translucent doors, Irenicus's ghost, novice DDEE
Snake:1 exclusion: Roxanne, Roxanne
Vaults:4 3 runed translucent doors, Iruwiet's ghost, veteran MiBe
Depths:2 exclusions: 2 doors and 1 more exclusion


Innate Abilities, Weirdness & Mutations

You reflexively headbutt those who attack you in melee.
You have a pair of horns on your head.


Message History

The jiangshi claws you but does no damage.
The jiangshi misses you. Something hits you but does no damage.
The flayed ghost is engulfed in freezing vapours.
The phantasmal warrior completely misses you.
The deep elf death mage is engulfed in freezing vapours.
You block the deep elf death mage's attack.
The skeletal warrior hits you but does no damage.
The ancient champion casts a spell.
The ancient champion seems to speed up.
The curse skull calls on the powers of darkness!
The deep elf death mage convulses!
Your body is wracked with pain!
* * * LOW HITPOINT WARNING * * *
The skeletal warrior hits you but does no damage. x2
The jiangshi is engulfed in freezing vapours.
The jiangshi claws you but does no damage.
The jiangshi completely misses you. Something hits you but does no damage.
The flayed ghost hits you!
* * * LOW HITPOINT WARNING * * *
The phantasmal warrior hits you!!
You die...

# .. #. .#
####.#####.#
#....#...#§#
.........§§###V#
.....z.Z.§§§zzn#
.....ZWzezW#####
......{@VV§.VW..
......z)W.######
#.$.##....# ###
##...# #...#
#...#
#...##########
#.............
#...##########


You could see a vampire knight, an eidolon, an ancient champion, a deep elf
death mage, 3 skeletal warriors, 2 jiangshi, a flayed ghost, a curse skull, a
phantasmal warrior, a freezing wraith, a vampire, a necrophage, a flying skull,
a frilled lizard skeleton and a death drake skeleton.

Vanquished Creatures
  An ancient lich (Depths:5)
  Margery (Depths:3)
  Bai Suzhen (Vaults:2)
  Vashnia (Snake:3)
  Saint Roka (Snake:2)
  A caustic shrike (Depths:1)
  Nikola (Vaults:1)
  4 golden dragons
  the Enchantress (Depths:5)
  Rupert (D:15)
  A tentacled monstrosity (Depths:1)
  Jorgrun (Lair:3)
  A titan (Depths:5)
  4 liches
  Asterion (Snake:1)
  A quicksilver dragon (Depths:5)
  2 deep elf master archers (Elf:3)
  3 sphinxes
  2 deep elf blademasters
  Frances (Lair:3)
  Polyphemus (Shoals:1)
  Kirke (D:13)
  3 ancient champions
  Donald (Snake:1)
  3 storm dragons
  3 draconian monks (Depths:5)
  A tengu reaver (Depths:3)
  3 shadow dragons
  9 nagarajas
  5 fire giants
  A draconian scorcher (Depths:5)
  3 iron dragons
  11 vault wardens
  9 deep elf sorcerers
  6 frost giants
  Aizul (Snake:3)
  A balrug (Depths:5)
  2 deep elf elementalists (Elf:3)
  Louise (D:15)
  3 curse skulls (Crypt:1)
  4 draconian stormcallers (Depths:5)
  3 spriggan defenders (Depths:5)
  A draconian shifter (Depths:5)
  A large abomination (Elf:3)
  3 reapers
  16 ironheart preservers
  33 very ugly things
  An entropy weaver (Vaults:2)
  2 draconian annihilators (Depths:5)
  12 stone giants
  5 vampire knights
  11 deep elf annihilators
  9 deep elf demonologists
  2 red draconians (Depths:5)
  2 black draconians (Depths:5)
  3 green draconians (Depths:5)
  A minotaur (Gauntlet)
  4 yellow draconians (Depths:5)
  3 white draconians (Depths:5)
  7 merfolk javelineers
  A dire elephant (Lair:5)
  12 spark wasps
  6 ettins
  A blizzard demon (Depths:5)
  9 deep elf death magi
  6 fire dragons
  4 eidola
  8 yaktaur captains
  7 merfolk impalers
  9 deep elf high priests
  4 great orbs of eyes
  2 rakshasas
  9 naga warriors
  17 vault guards
  An alligator snapping turtle (Shoals:4)
  4 ice dragons
  6 spriggan air magi
  6 anacondas
  4 hydras
  2 satyrs
  3 catoblepae
  10 centaur warriors
  17 ogre magi
  2 merfolk avatars
  13 death yaks
  46 two-headed ogres
  5 tengu warriors
  29 dancing weapons
  3 merfolk aquamancers
  A queen ant (Gauntlet)
  12 deep troll shamans
  4 shock serpents
  A spriggan berserker (Depths:5)
  16 naga sharpshooters
  8 deep troll earth magi
  3 sun demons (Depths:5)
  3 vampire magi
  2 hell knights (Depths:3)
  A storm dragon zombie (Depths:1)
  Sonja (D:10)
  3 soul eaters (Depths:5)
  2 small abominations
  3 orc high priests (Orc:2)
  14 skeletal warriors
  22 deep elf knights
  3 salamander mystics
  A storm dragon skeleton (Depths:3)
  9 iron trolls
  2 quicksilver dragon simulacra (Depths:5)
  2 shadow wraiths
  An unseen horror (shapeshifter) (Vaults:1)
  8 unseen horrors
  9 sea snakes
  13 ironbrand convokers
  6 flayed ghosts
  3 glowing orange brains
  23 deep elf archers
  A death drake (shapeshifter) (D:15)
  27 deep trolls
  An orange crystal statue (Depths:1)
  6 wizards
  16 orc knights
  6 naga ritualists
  19 harpies
  A golden dragon skeleton (Crypt:1)
  8 necromancers
  4 phantasmal warriors
  Pikel (D:4)
  A shadow dragon skeleton (Depths:1)
  3 mana vipers
  A frost giant zombie (Depths:4)
  5 wolf spiders
  8 salamanders
  6 cyclopes
  A shining eye (shapeshifter) (Depths:4)
  A tengu skeleton (Depths:4)
  81 deep elf magi
  A sphinx skeleton (Depths:3)
  54 ugly things
  8 orc sorcerers
  9 fauns
  9 merfolk sirens
  17 manticores
  5 centaur zombies
  10 elephants
  34 black mambas
  A guardian serpent (Snake:2)
  An elephant (shapeshifter) (Vaults:3)
  An ice statue (Depths:5)
  9 rust devils
  16 naga magi
  2 frost giant skeletons
  A storm dragon simulacrum (Vaults:2)
  6 water nymphs
  10 vault sentinels
  Psyche (D:8)
  7 spiny frogs
  5 freezing wraiths
  4 efreet
  A yaktaur (shapeshifter) (Vaults:2)
  6 komodo dragons
  A rime drake (shapeshifter) (Vaults:4)
  40 yaktaurs
  4 rime drakes
  A purple draconian skeleton (Crypt:1)
  6 ice devils
  4 meliai
  A catoblepas skeleton (Crypt:1)
  2 polar bears (Lair:6)
  3 red devils
  2 polar bears (shapeshifter) (Depths:5)
  4 tengu conjurers
  6 trolls
  4 wind drakes
  A jumping spider (Vaults:2)
  37 merfolk
  2 raiju (shapeshifter)
  A meliai (shapeshifter) (Vaults:4)
  3 hornets
  Prince Ribbit (D:7)
  11 blink frogs
  A slime creature (shapeshifter) (Elf:3)
  6 snapping turtles
  A dream sheep (shapeshifter) (D:15)
  2 hippogriffs (shapeshifter)
  50 slime creatures
  A jumping spider zombie (Crypt:1)
  A stone giant simulacrum (Vaults:1)
  3 centaur simulacra
  14 hippogriffs
  13 flying skulls
  A spriggan (shapeshifter) (D:15)
  9 wraiths
  A tarantella (shapeshifter) (Vaults:1)
  2 spriggans (Depths:5)
  4 shadows
  6 wyverns
  3 vampires
  A ynoxinul (Depths:3)
  10 water elementals
  3 air elementals
  An elf skeleton (Depths:4)
  A fire elemental (Elf:1)
  A wyvern (shapeshifter) (D:14)
  19 yaks
  3 basilisks
  4 hogs
  A human (shapeshifter) (Vaults:2)
  A golden eye (shapeshifter) (Vaults:1)
  A yak (shapeshifter) (Vaults:1)
  4 steam dragons
  Menkaure (D:7)
  A human simulacrum (Vaults:1)
  8 vampire mosquitoes
  5 wargs
  A deep troll zombie (Crypt:2)
  4 soldier ants
  50 nagas
  13 water moccasins
  4 hell hounds (Depths:5)
  2 acid dragons
  5 porcupines
  3 ice beasts
  30 orc warriors
  5 sky beasts
  A snapping turtle zombie (Crypt:1)
  A black bear (shapeshifter) (Vaults:2)
  2 black bears
  41 ogres
  5 phantoms
  2 ettin simulacra
  10 centaurs
  23 wolves
  12 boggarts
  A blink frog skeleton (Crypt:2)
  13 crocodiles
  A hippogriff skeleton (Crypt:1)
  18 bullfrogs
  A wyvern zombie (D:14)
  5 earth elementals
  3 hornet simulacra
  4 scorpions
  A tengu zombie (Depths:1)
  A raiju zombie (Crypt:1)
  9 killer bees
  3 howler monkeys
  3 wights (D:11)
  2 electric eels
  7 jellies
  11 crimson imps
  A bullfrog zombie (D:10)
  A quasit (D:14)
  7 hounds
  4 bullfrog skeletons
  23 orc priests
  3 iguanas
  26 orc wizards
  4 centaur skeletons
  7 worker ants
  A bullfrog simulacrum (Gauntlet)
  A crocodile zombie (Crypt:1)
  2 hound zombies
  3 hound skeletons
  A worker ant zombie (D:8)
  13 adders
  8 shadow imps
  A white imp (Depths:3)
  An adder skeleton (D:10)
  4 worms
  2 dart slugs
  4 leopard geckos
  86 orcs
  2 bats
  6 giant cockroaches
  4 goblins
  6 hobgoblins
  9 jackals
  6 quokkas
  A ball python (D:1)
  6 frilled lizards
  10 kobolds
  A quokka skeleton (D:9)
  6 rats
  5 crawling corpses
  9 fungi
  4 plants
1950 creatures vanquished.

Vanquished Creatures (others)
  A yaktaur captain (Vaults:1)
  A deep elf mage (Vaults:1)
  A cyclops (Shoals:4)
  5 yaktaurs
  A water elemental (Shoals:1)
  A naga (Snake:4)
  An orc warrior (Orc:1)
  4 centaurs
  A hound skeleton (D:9)
  2 demonic plants (Gauntlet)
  4 fungi
  58 plants
  A withered plant (Crypt:1)
81 creatures vanquished.

Grand Total: 2031 creatures vanquished

Notes
Turn   | Place    | Note
-------+----------+-------------------------------------------
     0 | D:1      | dhn the Minotaur Fighter began the quest for the Orb.
     0 | D:1      | Reached XP level 1. HP: 19/19 MP: 0/0
   618 | D:1      | Reached XP level 2. HP: 26/27 MP: 1/1
  1177 | D:2      | Reached XP level 3. HP: 30/33 MP: 2/2
  1225 | D:2      | Reached skill level 4 in Shields
  1595 | D:2      | Reached XP level 4. HP: 35/40 MP: 3/3
  1739 | D:2      | Found a runed translucent door.
  1740 | D:2      | Noticed Crazy Yiuf
  2186 | D:3      | Found a hide-covered altar of Uskayaw.
  2186 | D:3      | Noticed a +0 hand axe
  2187 | D:3      | Noticed a +0 hand axe
  3281 | D:4      | Found a staircase to the Ecumenical Temple.
  3526 | D:4      | Reached skill level 1 in Dodging
  3526 | D:4      | Reached XP level 5. HP: 38/47 MP: 4/4
  3611 | D:4      | Found a runed translucent door.
  3613 | D:4      | Noticed grocchini's ghost (novice FoAK)
  3680 | D:4      | Reached skill level 5 in Axes
  3717 | D:4      | Noticed a slave
  3717 | D:4      | Noticed a slave
  3758 | D:4      | Noticed Pikel
  3953 | D:5      | Entered Level 5 of the Dungeon
  3953 | D:5      | Noticed a phantom
  3968 | D:5      | Killed a phantom
  3968 | D:5      | Reached skill level 5 in Armour
  3968 | D:5      | Reached XP level 6. HP: 34/53 MP: 5/5
  4122 | D:5      | Reached skill level 5 in Shields
  4397 | D:4      | Reached XP level 7. HP: 51/60 MP: 6/6
  4406 | D:4      | Reached skill level 5 in Fighting
  4543 | D:4      | Killed Pikel
  4543 | D:4      | Reached skill level 6 in Shields
  4800 | D:5      | Reached XP level 8. HP: 52/69 MP: 7/7
  5792 | D:6      | Found the +8 demon blade "Bloodbane" {slice, *Rage +Rage
                  | Stlth-}
  5890 | D:6      | Reached skill level 7 in Shields
  6026 | D:6      | Found Pokk's Assorted Antiques.
  6033 | D:6      | Bought a scroll labeled RONWIC AFISS for 18 gold pieces
  6033 | D:6      | Bought a shiny ivory wand for 72 gold pieces
  6702 | D:6      | Reached XP level 9. HP: 78/78 MP: 8/8
  7333 | D:7      | Found Xitsal's Magic Scroll Shoppe.
  7396 | D:7      | Noticed Menkaure
  7450 | D:7      | Killed Menkaure
  7593 | D:7      | Found a runed translucent gate.
  7593 | D:7      | Found a runed translucent gate.
  7593 | D:7      | Found a runed translucent gate.
  7595 | D:7      | Noticed Irenicus's ghost (novice DDEE)
  7824 | D:7      | Reached skill level 8 in Shields
  8014 | D:7      | Noticed Prince Ribbit
  8028 | D:7      | Killed Prince Ribbit
  8323 | D:8      | Noticed Psyche
  8599 | D:8      | Noticed a two-headed ogre
  8680 | D:6      | Bought a paperback book for 270 gold pieces
  8687 | D:6      | Learned a level 1 spell: Apportation
  9352 | D:9      | Noticed a two-headed ogre
  9722 | D:9      | Reached skill level 1 in Stealth
  9915 | D:8      | Reached skill level 10 in Axes
 10140 | D:8      | Killed a two-headed ogre
 10140 | D:8      | Reached skill level 9 in Shields
 10140 | D:8      | Reached XP level 10. HP: 58/88 MP: 9/9
 11186 | D:8      | Killed Psyche
 12895 | D:9      | Killed an unseen horror
 13386 | D:9      | Noticed a two-headed ogre
 13718 | D:9      | Killed a two-headed ogre
 13895 | D:10     | Entered Level 10 of the Dungeon
 14180 | D:10     | Noticed a cyclops
 14184 | D:10     | Killed an unseen horror
 14184 | D:10     | Reached skill level 10 in Shields
 14410 | D:10     | Killed a cyclops
 14581 | D:10     | Reached XP level 11. HP: 89/97 MP: 10/10
 14589 | D:10     | Found a staircase to the Orcish Mines.
 14624 | D:10     | Reached skill level 5 in Dodging
 14770 | D:10     | Noticed a two-headed ogre
 14791 | D:10     | Killed a two-headed ogre
 15394 | D:10     | Noticed Sonja
 15402 | D:10     | Killed Sonja
 15728 | D:10     | Found a basalt altar of Yredelemnul.
 17294 | Orc:1    | Entered Level 1 of the Orcish Mines
 17297 | Orc:1    | Noticed an orc knight
 17312 | D:10     | Reached skill level 10 in Armour
 17913 | D:10     | Reached skill level 11 in Shields
 18492 | D:10     | Killed an orc knight
 19345 | D:11     | Killed an unseen horror
 19488 | D:11     | Reached skill level 10 in Fighting
 19558 | D:11     | Noticed a brown ugly thing
 19577 | D:11     | Killed a brown ugly thing
 19741 | D:11     | Found a staircase to the Lair.
 20215 | D:12     | Noticed a red ugly thing
 20232 | D:12     | Killed a red ugly thing
 20335 | D:12     | Reached XP level 12. HP: 75/107 MP: 11/11
 20512 | D:12     | Noticed a two-headed ogre
 20544 | D:12     | Killed a two-headed ogre
 20799 | D:12     | Reached skill level 12 in Shields
 21406 | Lair:1   | Entered Level 1 of the Lair of Beasts
 22246 | Lair:2   | Found a staircase to the Snake Pit.
 22252 | Lair:2   | Noticed a six-headed hydra
 22704 | Lair:2   | HP: 5/110 [poisoned by a spiny frog]
 22709 | Lair:2   | HP: 5/110 [poisoned by a spiny frog]
 22714 | Lair:1   | HP: 5/110 [poisoned by a spiny frog]
 23297 | Lair:2   | Killed a six-headed hydra
 23526 | Lair:3   | Found a staircase to the Shoals.
 23760 | Lair:3   | Reached XP level 13. HP: 116/116 MP: 12/12
 24506 | Lair:4   | Reached skill level 15 in Axes
 24506 | Lair:4   | Reached skill level 13 in Shields
 25432 | Lair:5   | Reached skill level 1 in Polearms
 25718 | Lair:5   | Found a viscous altar of Jiyva.
 25718 | Lair:5   | Found a staircase to the Slime Pits.
 26622 | Lair:6   | Entered Level 6 of the Lair of Beasts
 27963 | Lair:6   | Reached XP level 14. HP: 98/127 MP: 13/13
 28284 | Lair:5   | Reached skill level 14 in Shields
 28500 | Lair:6   | Identified Sif Muna's Handbook of Hexes and Poisoning
 29177 | D:13     | Reached skill level 1 in Translocations
 29214 | D:13     | Reached skill level 1 in Spellcasting
 29241 | D:13     | Found a gate to the Vaults.
 29603 | D:13     | Noticed Kirke
 29783 | Orc:2    | Entered Level 2 of the Orcish Mines
 29835 | Orc:2    | Reached skill level 1 in Evocations
 29866 | Orc:2    | Found Gox Teewk's General Store.
 29892 | Orc:2    | Found Qesaom's Assorted Antiques.
 29909 | Orc:2    | Found Aguyh's Book Shop.
 30264 | Orc:2    | Found a staircase to the Elven Halls.
 30267 | Orc:2    | Found Meuvoubi's Antique Armour Shop.
 31520 | Orc:2    | Found Seituiz's Assorted Antiques.
 31520 | Orc:2    | Found Hywat's Magic Scroll Shop.
 31524 | Orc:2    | Found Ysui's Antique Armour Emporium.
 31524 | Orc:2    | Found Surah's Armour Shop.
 31649 | Orc:2    | Bought a +1 hat for 143 gold pieces
 31659 | Orc:2    | Bought a scroll labeled KICZOPT GIFEXT for 28 gold pieces
 31675 | Orc:2    | Bought a glass ring for 140 gold pieces
 31675 | Orc:2    | Bought an opal ring for 140 gold pieces
 31683 | Orc:2    | Bought a glowing shield for 202 gold pieces
 32034 | Orc:2    | Bought a scroll labeled WIALAVO YFAIRR for 28 gold pieces
 32034 | Orc:2    | Bought a fuming green potion for 25 gold pieces
 32034 | Orc:2    | Bought a notched emerald ring for 140 gold pieces
 32034 | Orc:2    | Bought a fuming green potion for 25 gold pieces
 32068 | Orc:2    | Bought a scroll of identify for 56 gold pieces
 32133 | Orc:2    | Bought a scroll of identify for 32 gold pieces
 32133 | Orc:2    | Bought a scroll of identify for 32 gold pieces
 33733 | D:14     | Reached XP level 15. HP: 136/136 MP: 19/19
 34327 | D:14     | Found Abrog's Distillery.
 34590 | D:15     | Entered Level 15 of the Dungeon
 34646 | D:15     | Found a gate leading to a gauntlet.
 34657 | Gauntlet | Entered a Gauntlet
 34657 | Gauntlet | Found a transporter.
 34657 | Gauntlet | Found a transporter.
 34657 | Gauntlet | Found a transporter.
 34658 | Gauntlet | Found a transporter.
 34659 | Gauntlet | Found a transporter.
 34662 | Gauntlet | Found a transporter.
 34669 | Gauntlet | Found a transporter.
 34670 | Gauntlet | Found a transporter.
 34671 | Gauntlet | Found a transporter.
 34673 | Gauntlet | Found a transporter.
 34685 | Gauntlet | Found a transporter.
 34686 | Gauntlet | Found a transporter.
 35825 | D:15     | Reached skill level 15 in Shields
 36478 | D:15     | Noticed Louise
 36498 | D:15     | Killed Louise
 36504 | D:15     | Paralysed by fainting for 10 turns
 37020 | D:15     | Reached skill level 5 in Translocations
 37338 | D:15     | Found the macabre finger necklace {rN+}
 37417 | D:15     | Found a staircase to the Depths.
 37598 | D:15     | Got an encrusted war axe
 37617 | D:15     | Noticed Rupert
 37617 | D:15     | Paralysed by Rupert for 4 turns
 37936 | D:15     | Paralysed by Rupert for 7 turns
 37953 | D:15     | Killed Rupert
 38447 | Shoals:1 | Entered Level 1 of the Shoals
 38447 | Shoals:1 | Noticed Jorgrun
 38471 | Lair:3   | Killed Jorgrun
 38776 | Shoals:1 | Noticed Frances
 39146 | Lair:3   | Killed Frances
 39865 | Shoals:1 | Reached XP level 16. HP: 76/146 MP: 22/22
 40235 | Shoals:2 | Noticed Polyphemus
 40863 | Shoals:1 | Killed Polyphemus
 41225 | Shoals:1 | Reached skill level 5 in Spellcasting
 41439 | Shoals:2 | Reached skill level 15 in Armour
 42462 | Shoals:2 | Reached skill level 16 in Shields
 42793 | Lair:1   | Identified the cursed +1 war axe "Ewarij" {chop, Str+5}
                  | (You found it on level 15 of the Dungeon)
 42827 | Lair:1   | Got a bloodstained war axe
 42831 | Lair:1   | Identified the +7 war axe of the Yoke {drain, MP+9 Str+2
                  | Int+2 Stlth+} (You acquired it on level 1 of the Lair of
                  | Beasts)
 44356 | Shoals:3 | Learned a level 2 spell: Blink
 44360 | Shoals:3 | Learned a level 3 spell: Lesser Beckoning
 44364 | Shoals:3 | Learned a level 3 spell: Gell's Gravitas
 44368 | Shoals:3 | Learned a level 3 spell: Teleport Other
 44371 | Shoals:3 | Learned a level 2 spell: Shroud of Golubria
 44376 | Shoals:3 | Learned a level 4 spell: Passage of Golubria
 44380 | Shoals:3 | Learned a level 3 spell: Portal Projectile
 44590 | Shoals:4 | Entered Level 4 of the Shoals
 44913 | Shoals:4 | Reached skill level 15 in Fighting
 45017 | Shoals:4 | Found the +15 Maxwell's patent armour {-Cast -Tele rElec
                  | MR+ rCorr}
 46191 | Shoals:4 | Reached XP level 17. HP: 94/156 MP: 24/24
 46436 | Shoals:4 | Reached skill level 17 in Shields
 46760 | Shoals:4 | Got a barnacled rune of Zot
 47753 | Vaults:1 | Entered Level 1 of the Vaults
 47949 | Vaults:1 | Noticed Nikola
 47970 | Vaults:1 | Killed Nikola
 48609 | Vaults:1 | Reached skill level 5 in Evocations
 49093 | Vaults:1 | Reached skill level 18 in Shields
 49495 | Vaults:2 | Noticed a lich
 49507 | Vaults:2 | Killed a lich
 49652 | Vaults:2 | Reached XP level 18. HP: 166/166 MP: 25/25
 49860 | Vaults:2 | Found a staircase to the Crypt.
 50533 | Vaults:2 | Noticed Bai Suzhen
 50792 | Vaults:2 | Killed Bai Suzhen
 51266 | Vaults:3 | You fall through a shaft!
 51377 | Vaults:4 | Reached skill level 19 in Shields
 51539 | Vaults:4 | Noticed a Hell Sentinel
 52683 | Vaults:3 | Reached XP level 19. HP: 112/177 MP: 26/26
 53363 | Vaults:3 | Found Leapnon's Assorted Antiques.
 54479 | Vaults:4 | Found Sicvaz's Armour Emporium.
 55065 | Vaults:4 | Found a runed translucent gate.
 55065 | Vaults:4 | Found a runed translucent gate.
 55065 | Vaults:4 | Found a runed translucent gate.
 55066 | Vaults:4 | Noticed Iruwiet's ghost (veteran MiBe)
 55236 | Vaults:4 | Reached skill level 20 in Shields
 55669 | Vaults:4 | Identified the ring "Egobor" {MP+9 Dex+2}
 55950 | Snake:1  | Entered Level 1 of the Snake Pit
 55984 | Snake:1  | You fall through a shaft!
 56075 | Snake:2  | Reached XP level 20. HP: 175/187 MP: 27/27
 56566 | Snake:1  | Noticed Asterion
 56578 | Snake:1  | Killed Asterion
 56685 | Snake:1  | Identified Roxanne's Volume of Clay
 56685 | Snake:1  | Noticed Roxanne
 56884 | Snake:1  | Noticed Donald
 56904 | Snake:1  | Killed Donald
 56904 | Snake:1  | Reached skill level 10 in Evocations
 57757 | Snake:3  | Noticed Vashnia
 57804 | Snake:3  | Killed Vashnia
 58215 | Snake:3  | Noticed Saint Roka
 58578 | Snake:2  | Killed Saint Roka
 58829 | Snake:3  | Noticed Aizul
 58854 | Snake:3  | Killed Aizul
 59504 | Snake:4  | Entered Level 4 of the Snake Pit
 59819 | Snake:4  | Found a bloodstained altar of Trog.
 60392 | Snake:4  | Reached skill level 21 in Shields
 61745 | Snake:4  | Got a serpentine rune of Zot
 64378 | Vaults:2 | Identified Xometirgh's Volume of Unstable Boosts
 65306 | Vaults:2 | Got a translucent cloak
 65313 | Vaults:2 | Identified the +0 cloak "Kuan" {Str+4 Int-2 Dex+5} (You
                  | found it on level 2 of the Vaults)
 66141 | D:13     | Killed Kirke
 66219 | Depths:1 | Entered Level 1 of the Depths
 66279 | Depths:1 | Found a gateway to Hell.
 66351 | Depths:1 | Reached XP level 21. HP: 166/196 MP: 28/28
 66687 | Depths:1 | Found a radiant altar of Vehumet.
 66795 | Depths:1 | Noticed a golden dragon
 66812 | Depths:1 | Killed a golden dragon
 66876 | Depths:1 | Noticed a golden dragon
 66887 | Depths:1 | Killed a golden dragon
 67322 | Depths:1 | Identified the Volume of Heat and Protection
 67479 | Depths:1 | Noticed a caustic shrike
 67489 | Depths:1 | Killed a caustic shrike
 67685 | Depths:1 | Found a one-way gate to the infinite horrors of the Abyss.
 67822 | Depths:1 | Found a portal to a secret trove of treasure.
 69439 | Depths:2 | Found Liyt's Assorted Antiques.
 69890 | Depths:2 | Found a gateway to a ziggurat.
 69917 | Depths:2 | Found a bloodstained altar of Trog.
 70077 | Depths:2 | Reached skill level 22 in Shields
 70713 | Depths:3 | Noticed Margery
 70737 | Depths:3 | Killed Margery
 71256 | Depths:3 | Reached XP level 22. HP: 121/209 MP: 30/30
 72718 | Depths:3 | Found a one-way gate leading to the halls of Pandemonium.
 74779 | Depths:5 | Entered Level 5 of the Depths
 75630 | Depths:5 | Found an iron altar of Okawaru.
 75649 | Depths:5 | Identified the +3 faerie dragon scales {rC+ rCorr}
 75649 | Depths:5 | Noticed the Enchantress
 75667 | Depths:5 | Killed the Enchantress
 75931 | Depths:5 | Reached XP level 23. HP: 141/220 MP: 31/31
 76178 | Depths:5 | Found a blossoming altar of Fedhas.
 76587 | Depths:5 | Reached skill level 23 in Shields
 76891 | Depths:5 | Found an ornate altar of the Wu Jian Council.
 77553 | Depths:5 | Noticed an ancient lich
 77578 | Depths:5 | Killed an ancient lich
 79153 | Depths:5 | Found a radiant altar of Vehumet.
 79264 | Depths:5 | Found a gate to the Realm of Zot.
 79901 | Elf:1    | Entered Level 1 of the Elven Halls
 81316 | Elf:2    | Found a runed translucent gate.
 81316 | Elf:2    | Found a runed translucent gate.
 81316 | Elf:2    | Found a runed translucent gate.
 81436 | Elf:2    | Reached XP level 24. HP: 226/231 MP: 32/32
 81548 | Elf:2    | Found Zity's Magic Scroll Boutique.
 81986 | Elf:2    | Reached skill level 24 in Shields
 82241 | Elf:3    | Entered Level 3 of the Elven Halls
 83338 | Elf:3    | Identified the +7 lajatang "Bosootid" {antimagic, *Rage rF+
                  | Dex+6}
 83485 | Elf:3    | Identified the +2 hand axe of Gicueq {antimagic, rElec
                  | MP+9}
 83579 | Elf:3    | Identified the ring of Xehoirche {Str+2 Int+5 Stlth+}
 83602 | Elf:3    | Identified the ring of the Demon Prince {rN+ Str-5 Dex+4
                  | Stlth+}
 84600 | Crypt:1  | Entered Level 1 of the Crypt
 86432 | Crypt:2  | Mangled by a phantasmal warrior

Skill      XL: |  1  2  3  4  5  6  7  8  9 10 11 12 13 14 15 16 17 18 19 20 21 22 23 24 |
---------------+-------------------------------------------------------------------------+-----
Fighting       | 4 5 6 7 9 10 11 12 13 14 15 16 17 18 20 21 22 | 22.9
Armour         | 4 5 6 7 8 9 10 12 13 14 15 16 17 18 19 | 19.1
Axes           | 3 4 5 6 8 10 11 13 14 16 17 18 19 20 21 22 23 | 23.8
Shields        | 4 5 6 7 9 10 11 12 13 14 15 16 18 19 20 21 22 23 24 | 24.4
Dodging        | 1 2 3 4 5 6 7 |  7.3
Stealth        | 1 2 3 4 |  4.0
Polearms       | 1 2 |  2.2
Translocations | 4 5 6 |  6.4
Spellcasting   | 3 4 5 |  5.7
Evocations     | 1 2 6 8 9 11 12 13 14 | 14.9

Action                   |  1- 3 |  4- 6 |  7- 9 | 10-12 | 13-15 | 16-18 | 19-21 | 22-24 || total
-------------------------+-------+-------+-------+-------+-------+-------+-------+-------++-------
Melee: War axe           |    79 |   146 |   265 |   945 |  1436 |  1302 |   491 |       ||  4664
       Headbutt          |    11 |    25 |    58 |   218 |   459 |   365 |   490 |   572 ||  2198
       Trident           |       |       |       |     9 |    28 |       |       |       ||    37
       Broad axe         |       |       |       |       |       |       |  1097 |  1619 ||  2716
 Cast: Blink             |       |       |       |       |       |     7 |       |       ||     7
 Abil: Evoke Berserk Rag |       |       |       |       |     7 |     4 |     6 |     1 ||    18
Evoke: Wand              |       |       |       |    12 |     3 |     3 |     8 |     6 ||    32
       Lightning rod     |       |       |       |     2 |     9 |    20 |     2 |     1 ||    34
  Use: Potion            |     1 |     2 |       |     4 |     4 |     2 |     7 |     3 ||    23
       Scroll            |       |     2 |     2 |    15 |    18 |     9 |    18 |    10 ||    74
 Stab: Petrified         |       |       |       |       |    13 |       |       |       ||    13
       Petrifying        |       |       |       |       |     2 |       |       |       ||     2
       Distracted        |       |       |       |       |       |       |       |     1 ||     1
  Eat: Chunk             |     2 |     5 |    12 |    23 |    26 |    20 |    10 |    17 ||   115
       Ration            |       |     1 |     2 |     6 |     9 |     8 |    16 |    10 ||    52
Armor: Scale mail        |    31 |    51 |    81 |   110 |       |       |       |       ||   273
       Plate armour      |       |       |       |   262 |   409 |   555 |   554 |   662 ||  2442
Dodge: Dodged            |    21 |    43 |    63 |   248 |   302 |   353 |   376 |   417 ||  1823
Block: Shield            |    46 |    99 |   198 |   707 |   912 |  1269 |  1275 |  1228 ||  5734
       Reflection        |       |     1 |     8 |    49 |     6 |    70 |       |       ||   134
